| TOP OF THE 1ST |
|
Marion Mets batting - Pitching for Blacksburg Tribe : RHP Edgardo Maciel
|
|
Pitching: RHP Edgardo Maciel
|
|
|
Batting: RHB Thomas Wallace
|
0-0: Ground out 4-3 (Groundball, 4M, EV 98.1 MPH)
|
|
Batting: LHB Ricky de la Cruz
|
0-0: Ball 1-0: Called Strike 1-1: Ball 2-1: Foul Ball, location: 2F 2-2: Ball 3-2: TRIPLE (Flyball, 8RXD, EV 91.9 MPH)
|
|
Batting: RHB Rey Quinones
|
0-0: Fly out, F7 (Flyball, 7D, EV 91.9 MPH) Runner from 3rd tags up, SCORES, throw by LF
|
|
Batting: LHB Christopher Chapman
|
0-0: Ball 1-0: Ball 2-0: Called Strike 2-1: Foul Ball, location: 2F 2-2: Foul Ball, location: 2F 2-2: Ball 3-2: Foul Ball, location: 2F 3-2: Fly out, F8 (Flyball, 8LS, EV 90.6 MPH)
|
| Top of the 1st over - 1 run, 1 hit, 0 errors, 0 left on base; Marion 1 - Blacksburg 0 |
| BOTTOM OF THE 1ST |
|
Blacksburg Tribe batting - Pitching for Marion Mets : RHP John Burkett
|
|
Pitching: RHP John Burkett
|
|
|
Batting: RHB Jesus Alcala
|
0-0: Ball 1-0: Ball 2-0: Called Strike 2-1: Ball 3-1: Foul Ball, location: 2F 3-2: Base on Balls
|
|
Batting: LHB Butch Kirby
|
0-0: Ball 1-0: SINGLE (Groundball, 34D, EV 95.6 MPH) Jesus Alcala to second Runner from 2nd tries for 3rd, SAFE, no throw by RF
|
|
Batting: LHB George Cecchetti
|
0-0: Ball Butch Kirby steals 2nd base 1-0: Ball 2-0: Swinging Strike 2-1: Foul Ball, location: 2F 2-2: Fly out, F7 (Flyball, 7D, EV 93.1 MPH) Runner from 3rd tags up, SCORES, throw by LF Butch Kirby to third
|
|
Batting: RHB Alwin Creel
|
0-0: Ball 1-0: SINGLE (Groundball, 4MD, EV 94.4 MPH) Butch Kirby scores
|
|
Batting: RHB Omar Mora
|
0-0: Ball 1-0: Swinging Strike 1-1: Ball 2-1: Ball 3-1: TRIPLE (Flyball, 78XD, EV 110.0 MPH) Alwin Creel scores
|
|
Batting: LHB Jose Infante
|
0-0: Called Strike 0-1: Ball 1-1: Ball 2-1: Ball 3-1: Foul Ball, location: 2F 3-2: Strikes out looking
|
|
Batting: SHB Gary Miller-Jones
|
0-0: Ball 1-0: Foul Ball, location: 2F 1-1: Ground out 4-3 (Groundball, 4, EV 91.3 MPH)
|
| Bottom of the 1st over - 3 runs, 3 hits, 0 errors, 1 left on base; Marion 1 - Blacksburg 3 |
| TOP OF THE 2ND |
|
Marion Mets batting - Pitching for Blacksburg Tribe : RHP Edgardo Maciel
|
|
Batting: RHB Andy Allanson
|
0-0: Swinging Strike 0-1: Ball 1-1: Ball 2-1: SINGLE (Line Drive, 6MD, EV 96.9 MPH)
|
|
Batting: RHB Wayne Harrison
|
0-0: Ball 1-0: Ball 2-0: Ball 3-0: Called Strike 3-1: Base on Balls Andy Allanson to second
|
|
Batting: LHB Lorenzo Castillo
|
0-0: Ball 1-0: Called Strike 1-1: Fly out, F8 (Line Drive, 8LD, EV 106.9 MPH)
|
|
Batting: LHB Jeff Schulz
|
0-0: Ball Andy Allanson steals 3rd base Wayne Harrison to second 1-0: Called Strike 1-1: Ball 2-1: Ground out 6-3 (Groundball, 6, EV 84.4 MPH) Andy Allanson scores
|
|
Batting: RHB Miguel Corona
|
0-0: Called Strike 0-1: Ball 1-1: Ground out 6-3 (Groundball, 56, EV 98.1 MPH)
|
| Top of the 2nd over - 1 run, 1 hit, 0 errors, 1 left on base; Marion 2 - Blacksburg 3 |
| BOTTOM OF THE 2ND |
|
Blacksburg Tribe batting - Pitching for Marion Mets : RHP John Burkett
|
|
Batting: RHB Michael Lanum
|
0-0: Called Strike 0-1: Foul Ball, location: 2F 0-2: Strikes out swinging
|
|
Batting: RHB Angel Rodriguez
|
0-0: Ball 1-0: Called Strike 1-1: Ball 2-1: SINGLE (Line Drive, 9S, EV 105.0 MPH)
|
|
Batting: RHB Jesus Alcala
|
0-0: Ball 1-0: Called Strike 1-1: Ball 2-1: Fly out, F8 (Line Drive, 8LD, EV 93.8 MPH)
|
|
Batting: LHB Butch Kirby
|
0-0: DOUBLE (Flyball, 8RD, EV 90.0 MPH) Angel Rodriguez to third Runner from 3rd tries for Home, SAFE, throw by CF to home
|
|
Batting: LHB George Cecchetti
|
0-0: Ball 1-0: Ground out 3-1 (Groundball, 34, EV 101.9 MPH)
|
| Bottom of the 2nd over - 1 run, 2 hits, 0 errors, 1 left on base; Marion 2 - Blacksburg 4 |
| TOP OF THE 3RD |
|
Marion Mets batting - Pitching for Blacksburg Tribe : RHP Edgardo Maciel
|
|
Batting: RHB Thomas Wallace
|
0-0: Called Strike 0-1: Ball 1-1: Foul Ball, location: 2F 1-2: Ball 2-2: Strikes out looking
|
|
Batting: LHB Ricky de la Cruz
|
0-0: Foul Ball, location: 2F 0-1: Foul Ball, location: 2F 0-2: Ball 1-2: Strikes out swinging
|
|
Batting: RHB Rey Quinones
|
0-0: SINGLE (Line Drive, 78S, EV 106.3 MPH)
|
|
Batting: LHB Christopher Chapman
|
0-0: Foul Ball, location: 2F 0-1: Hit by Pitch Rey Quinones to second
|
|
Batting: RHB Andy Allanson
|
0-0: Ball 1-0: Fielders Choice at 2nd, 6-4 (Groundball, 6, EV 88.1 MPH)
|
| Top of the 3rd over - 0 runs, 1 hit, 0 errors, 2 left on base; Marion 2 - Blacksburg 4 |
| BOTTOM OF THE 3RD |
|
Blacksburg Tribe batting - Pitching for Marion Mets : RHP John Burkett
|
|
Batting: RHB Alwin Creel
|
0-0: Foul Ball, location: 2F 0-1: Called Strike 0-2: Ball 1-2: SINGLE (Line Drive, 78M, EV 111.3 MPH)
|
|
Batting: RHB Omar Mora
|
0-0: Ball 1-0: Swinging Strike 1-1: Fielders Choice at 2nd, 5-4 (Groundball, 56, EV 80.0 MPH)
|
|
Batting: LHB Jose Infante
|
0-0: Ball 1-0: Foul Ball, location: 2F 1-1: Called Strike 1-2: Fielders Choice at 2nd, 4-6 (Groundball, 4, EV 101.3 MPH)
|
|
Batting: SHB Gary Miller-Jones
|
0-0: Called Strike 0-1: Fly out, F8 (Flyball, 8RXD, EV 91.9 MPH)
|
| Bottom of the 3rd over - 0 runs, 1 hit, 0 errors, 1 left on base; Marion 2 - Blacksburg 4 |
| TOP OF THE 4TH |
|
Marion Mets batting - Pitching for Blacksburg Tribe : RHP Edgardo Maciel
|
|
Batting: RHB Wayne Harrison
|
0-0: Foul Ball, location: 2F 0-1: Swinging Strike 0-2: Foul Ball, location: 2F 0-2: Strikes out swinging
|
|
Batting: LHB Lorenzo Castillo
|
0-0: Ball 1-0: Ball 2-0: Ball 3-0: Called Strike 3-1: Base on Balls
|
|
Batting: LHB Jeff Schulz
|
0-0: Ball Wild Pitch! Lorenzo Castillo to second 1-0: Swinging Strike 1-1: Swinging Strike 1-2: Ball 2-2: Ball 3-2: Foul Ball, location: 2F 3-2: Foul Ball, location: 2F 3-2: Foul Ball, location: 2F 3-2: Foul Ball, location: 2F 3-2: Foul Ball, location: 2F 3-2: Foul Ball, location: 2F 3-2: Base on Balls
|
|
Batting: RHB Miguel Corona
|
0-0: Ground out 5-3 (Groundball, 56S, EV 64.4 MPH) Lorenzo Castillo to third Jeff Schulz to second
|
|
Batting: RHB Thomas Wallace
|
0-0: Called Strike 0-1: Foul Ball, location: 2F 0-2: Foul Ball, location: 2F 0-2: Ball 1-2: Ball 2-2: Foul Ball, location: 2F 2-2: Fly out, F8 (Flyball, 78M, EV 88.1 MPH)
|
| Top of the 4th over - 0 runs, 0 hits, 0 errors, 2 left on base; Marion 2 - Blacksburg 4 |
| BOTTOM OF THE 4TH |
|
Blacksburg Tribe batting - Pitching for Marion Mets : RHP John Burkett
|
|
Batting: RHB Michael Lanum
|
0-0: Called Strike 0-1: Called Strike 0-2: Strikes out swinging
|
|
Batting: RHB Angel Rodriguez
|
0-0: SINGLE (Line Drive, 8LS, EV 104.4 MPH)
|
|
Batting: RHB Jesus Alcala
|
0-0: Ball 1-0: Ball 2-0: Ground out 5-3 (Groundball, 5S, EV 68.8 MPH) Angel Rodriguez to second
|
|
Batting: LHB Butch Kirby
|
0-0: Foul Ball, location: 2F 0-1: Ball 1-1: Foul Ball, location: 2F 1-2: Ball 2-2: Foul Ball, location: 2F 2-2: Foul Ball, location: 2F 2-2: TRIPLE (Flyball, 78XD, EV 92.5 MPH) Angel Rodriguez scores
|
|
Batting: LHB George Cecchetti
|
0-0: Fly out, F6 (Line Drive, 6, EV 70.0 MPH)
|
| Bottom of the 4th over - 1 run, 2 hits, 0 errors, 1 left on base; Marion 2 - Blacksburg 5 |
| TOP OF THE 5TH |
|
Marion Mets batting - Pitching for Blacksburg Tribe : RHP Edgardo Maciel
|
|
Batting: LHB Ricky de la Cruz
|
0-0: Ball 1-0: Ball 2-0: Ball 3-0: Called Strike 3-1: Base on Balls
|
|
Batting: RHB Rey Quinones
|
0-0: Ball 1-0: Called Strike 1-1: Ball 2-1: Ball Wild Pitch! Ricky de la Cruz to second 3-1: Foul Ball, location: 2F 3-2: Ground out 5-3 (Groundball, 56, EV 106.3 MPH)
|
|
Batting: LHB Christopher Chapman
|
0-0: Called Strike 0-1: Swinging Strike 0-2: Ball 1-2: Ball 2-2: Fly out, F8 (Line Drive, 8LD, EV 93.1 MPH)
|
|
Batting: RHB Andy Allanson
|
0-0: Ball 1-0: Ground out 6-3 (Groundball, 6S, EV 81.9 MPH)
|
| Top of the 5th over - 0 runs, 0 hits, 0 errors, 1 left on base; Marion 2 - Blacksburg 5 |
| BOTTOM OF THE 5TH |
|
Blacksburg Tribe batting - Pitching for Marion Mets : RHP John Burkett
|
|
Batting: RHB Alwin Creel
|
0-0: Ball 1-0: Foul Ball, location: 2F 1-1: Foul Ball, location: 2F 1-2: Ball 2-2: Fly out, F5 (Popup, 5, EV 63.8 MPH)
|
|
Batting: RHB Omar Mora
|
0-0: Ball 1-0: Fly out, F7 (Flyball, 7S, EV 90.0 MPH)
|
|
Batting: LHB Jose Infante
|
0-0: Ball 1-0: Ball 2-0: Ball 3-0: Called Strike 3-1: Base on Balls
|
|
Batting: SHB Gary Miller-Jones
|
0-0: Ball 1-0: Ball 2-0: Foul Ball, location: 2F 2-1: DOUBLE (Groundball, 5L, EV 103.1 MPH) Jose Infante to third
|
|
Batting: RHB Michael Lanum
|
0-0: Ball 1-0: Called Strike 1-1: Ground out 4-3 (Groundball, 4, EV 98.8 MPH)
|
| Bottom of the 5th over - 0 runs, 1 hit, 0 errors, 2 left on base; Marion 2 - Blacksburg 5 |
| TOP OF THE 6TH |
|
Marion Mets batting - Pitching for Blacksburg Tribe : RHP Edgardo Maciel
|
|
Batting: RHB Wayne Harrison
|
0-0: Ball 1-0: Ground out 3-1 (Groundball, 34, EV 99.4 MPH)
|
|
Batting: LHB Lorenzo Castillo
|
0-0: Called Strike 0-1: SINGLE (Line Drive, 7S, EV 109.4 MPH)
|
|
Batting: LHB Jeff Schulz
|
0-0: Ball 1-0: Called Strike 1-1: Ball 2-1: Fly out, F8 (Flyball, 8RD, EV 86.3 MPH)
|
|
Batting: RHB Miguel Corona
|
0-0: Ball 1-0: Fielders Choice at 2nd, 6-4 (Groundball, 6, EV 102.5 MPH)
|
| Top of the 6th over - 0 runs, 1 hit, 0 errors, 1 left on base; Marion 2 - Blacksburg 5 |
| BOTTOM OF THE 6TH |
|
Blacksburg Tribe batting - Pitching for Marion Mets : RHP John Burkett
|
|
Batting: RHB Angel Rodriguez
|
0-0: Called Strike 0-1: Fly out, F8 (Line Drive, 8RM, EV 86.9 MPH)
|
|
Batting: RHB Jesus Alcala
|
0-0: Ball 1-0: Ball 2-0: Ball 3-0: Base on Balls
|
|
Batting: LHB Butch Kirby
|
0-0: Ball 1-0: Reached via error on a dropped throw from 1B, E1 (Groundball, 34S, EV 84.4 MPH) Jesus Alcala to second
|
|
Batting: LHB George Cecchetti
|
0-0: Ball 1-0: Called Strike 1-1: Called Strike 1-2: Ball 2-2: Fly out, F9 (Line Drive, 9, EV 90.0 MPH)
|
|
Batting: RHB Alwin Creel
|
0-0: Foul Ball, location: 2F 0-1: Ball 1-1: Ground out 6-3 (Groundball, 56, EV 105.6 MPH)
|
| Bottom of the 6th over - 0 runs, 0 hits, 1 error, 2 left on base; Marion 2 - Blacksburg 5 |
| TOP OF THE 7TH |
|
Marion Mets batting - Pitching for Blacksburg Tribe : RHP Edgardo Maciel
|
|
Batting: RHB Thomas Wallace
|
0-0: Foul Ball, location: 2F 0-1: Fly out, F6 (Popup, 6, EV 70.6 MPH)
|
|
Batting: LHB Ricky de la Cruz
|
0-0: Foul Ball, location: 2F 0-1: Ball 1-1: Ground out 4-3 (Groundball, 4, EV 84.4 MPH)
|
|
Batting: RHB Rey Quinones
|
0-0: Ball 1-0: Ball 2-0: SINGLE (Groundball, 34D, EV 100.0 MPH)
|
|
Batting: LHB Christopher Chapman
|
0-0: Called Strike 0-1: Hit by Pitch Rey Quinones to second
|
|
Batting: RHB Andy Allanson
|
0-0: Ground out 1-3 (Groundball, 13, EV 65.6 MPH)
|
| Top of the 7th over - 0 runs, 1 hit, 0 errors, 2 left on base; Marion 2 - Blacksburg 5 |
| BOTTOM OF THE 7TH |
|
Blacksburg Tribe batting - Pitching for Marion Mets : RHP John Burkett
|
|
Pitching: RHP Tim Reid
|
|
|
Batting: RHB Omar Mora
|
0-0: Ball 1-0: Ball 2-0: Foul Ball, location: 2F 2-1: Ball 3-1: Base on Balls
|
|
Batting: LHB Jose Infante
|
0-0: Called Strike 0-1: Foul Ball, location: 2F 0-2: Ball 1-2: Foul Ball, location: 2F 1-2: Foul Ball, location: 2F 1-2: Strikes out swinging
|
|
Batting: SHB Gary Miller-Jones
|
0-0: Ball 1-0: Called Strike 1-1: Grounds into double play, 4-6-3 (Groundball, 4, EV 81.9 MPH)
|
| Bottom of the 7th over - 0 runs, 0 hits, 0 errors, 0 left on base; Marion 2 - Blacksburg 5 |
| TOP OF THE 8TH |
|
Marion Mets batting - Pitching for Blacksburg Tribe : RHP Edgardo Maciel
|
|
Batting: RHB Wayne Harrison
|
0-0: Swinging Strike 0-1: Ball 1-1: Ball 2-1: Ball 3-1: Base on Balls
|
|
Batting: LHB Lorenzo Castillo
|
0-0: Ball 1-0: Called Strike 1-1: Fly out, F7 (Flyball, 7S, EV 93.8 MPH)
|
|
Pitching: RHP Ray Soff
|
|
|
Batting: LHB Jeff Schulz
|
0-0: Called Strike 0-1: Ball 1-1: Called Strike 1-2: Ball 2-2: Fielders Choice at 2nd, 4-6 (Groundball, 34D, EV 90.6 MPH)
|
|
Batting: RHB Miguel Corona
|
0-0: Ball 1-0: Called Strike 1-1: Ball 2-1: Foul Ball, location: 2F 2-2: Ball 3-2: Base on Balls Jeff Schulz to second
|
|
Batting: RHB Thomas Wallace
|
0-0: Ball 1-0: Ball 2-0: Ball 3-0: Base on Balls Jeff Schulz to third Miguel Corona to second
|
|
Batting: LHB Ricky de la Cruz
|
0-0: Foul Ball, location: 2F 0-1: Foul Ball, location: 2F 0-2: Hit by Pitch Jeff Schulz scores Miguel Corona to third Thomas Wallace to second
|
|
Batting: RHB Rey Quinones
|
0-0: Ball 1-0: Ball 2-0: Fly out, F7 (Flyball, 7LM, EV 90.0 MPH)
|
| Top of the 8th over - 1 run, 0 hits, 0 errors, 3 left on base; Marion 3 - Blacksburg 5 |
| BOTTOM OF THE 8TH |
|
Blacksburg Tribe batting - Pitching for Marion Mets : RHP Tim Reid
|
|
Batting: RHB Michael Lanum
|
0-0: Ball 1-0: Ball 2-0: Ball 3-0: Called Strike 3-1: Base on Balls
|
|
Batting: RHB Angel Rodriguez
|
0-0: SINGLE (Flyball, 5D, EV 95.0 MPH) Michael Lanum to second
|
|
Batting: RHB Jesus Alcala
|
0-0: Called Strike 0-1: Ball 1-1: Ball 2-1: Bunted foul 2-2: Foul Ball, location: 2F 2-2: Fielders Choice at 2nd, 4-6 (Groundball, 4, EV 80.6 MPH) Michael Lanum to third
|
|
Batting: LHB Butch Kirby
|
0-0: Called Strike 0-1: Ball 1-1: Ball Jesus Alcala is caught stealing 2nd base 2-6 2-1: Swinging Strike 2-2: Ball 3-2: Strikes out swinging
|
| Bottom of the 8th over - 0 runs, 1 hit, 0 errors, 1 left on base; Marion 3 - Blacksburg 5 |
| TOP OF THE 9TH |
|
Marion Mets batting - Pitching for Blacksburg Tribe : RHP Ray Soff
|
|
Batting: LHB Christopher Chapman
|
0-0: Ball 1-0: Fly out, F3 (Popup, 3SF, EV 80.0 MPH)
|
|
Batting: RHB Andy Allanson
|
0-0: Called Strike 0-1: Foul Ball, location: 2F 0-2: Ball 1-2: Ball 2-2: Fly out, F7 (Flyball, 7S, EV 85.6 MPH)
|
|
Batting: RHB Wayne Harrison
|
0-0: Swinging Strike 0-1: Ball 1-1: Ball 2-1: Foul Ball, location: 2F 2-2: Foul Ball, location: 2F 2-2: Ball 3-2: Reached on error, E1 (Groundball, 15S, EV 68.1 MPH)
|
|
Batting: LHB Lorenzo Castillo
|
0-0: Ball 1-0: Ball 2-0: Ball 3-0: Called Strike 3-1: Base on Balls
|
|
Batting: LHB Jeff Schulz
|
0-0: Ball 1-0: Fly out, F8 (Flyball, 89D, EV 96.9 MPH)
|
| Top of the 9th over - 0 runs, 0 hits, 1 error, 2 left on base; Marion 3 - Blacksburg 5 |
|